 Dungeon Crawl Stone Soup version 0.30-a0-1102-g2dbb833546 (webtiles) character file.

Game seed: 15424755223381685379

1444 RepoMan the Grappler (level 8, -9/84 HPs)
             Began as an Ogre Delver on Apr 18, 2023.
             Mangled by a gnoll sergeant
             ... wielding a +0 spear
              (12 damage)
             ... on level 6 of the Dungeon.
             The game lasted 00:46:02 (6301 turns).

RepoMan the Grappler (Ogre Delver)                  Turns: 6301, Time: 00:46:03

Health: -9/84      AC:  5    Str: 19    XL:     8   Next: 74%
Magic:  8/8        EV:  9    Int: 17    God:
Gold:   256        SH:  0    Dex: 10    Spells: 7/7 levels left

rFire   . . .      SeeInvis .      - Unarmed
rCold   . . .      Faith    .    (no shield)
rNeg    . . .      Spirit   .    a - +0 robe
rPois   .          Reflect  .    k - +2 hat
rElec   .          Rampage  .    (no cloak)
rCorr   .                        (gloves unavailable)
Will    .....                    (boots unavailable)
Stlth   ++                       e - amulet of the acrobat
HPRegen 0.34/turn                o - +6 ring of intelligence
MPRegen 0.11/turn                (no ring)

@: lethally poisoned (-9 -> -43), about to teleport
A: large, unfitting armour, tough skin 1
a: no special abilities


You were on level 6 of the Dungeon.
You visited 1 branch of the dungeon, and saw 6 of its levels.

You collected 256 gold pieces.

Inventory:

Hand Weapons
 B - the +0 hand axe of the Devouring Badger {venom, +Blink rF+}
   (You found it on level 6 of the Dungeon)

   rF:        It protects you from fire.
   +Blink:    It lets you blink.
Missiles
 d - 6 javelins
 v - 8 poisoned darts (quivered)
 x - 26 stones
 z - 2 boomerangs
Armour
 a - a +0 robe (worn)
 k - a +2 hat (worn)
Jewellery
 e - an amulet of the acrobat (around neck)
 o - a +6 ring of intelligence (left hand)
Wands
 f - a wand of digging (3)
Scrolls
 b - a scroll of fog
 c - 3 scrolls of magic mapping
 g - 2 scrolls of amnesia
 j - a scroll of noise {unknown}
 n - a scroll of blinking {unknown}
 q - 2 scrolls of enchant weapon {unknown}
 r - 2 scrolls of enchant armour {unknown}
 s - a scroll of vulnerability {unknown}
 t - a scroll of silence
 u - 2 scrolls of poison
 y - a scroll of teleportation
 A - a scroll of acquirement {unknown}
 C - a scroll of brand weapon {unknown}
Potions
 h - a potion of flight
 i - a potion of mutation {unknown}
 m - 2 potions of degeneration {unknown}
 p - a potion of lignification {unknown}
 w - 2 potions of brilliance


   Skills:
 + Level 6.9 Fighting
 + Level 0.7 Throwing
 - Level 1.7 Dodging
 - Level 3.7 Stealth
 * Level 9.0 Unarmed Combat


You had 7 spell levels left.
You didn't know any spells.
Your spell library was empty.

Dungeon Overview and Level Annotations

Branches:
Dungeon (6/15)
 Temple: D:4-7

Altars:
Ashenzari
Fedhas

Annotations:
D:5 Sigmund
D:6 exclusion: upstairs


Innate Abilities, Weirdness & Mutations

You are too large for most types of armour.
You have tough skin. (AC +1)


Message History

The gnoll sergeant hits you with a +0 spear!
Okay, then.
Okay, then.
Unknown command.
Okay, then.
Press: ? - help, v - describe, . - travel, g - get item
Here: a gnoll sergeant, wielding a +0 spear and wearing a +0 ring mail (heavily wounded, poisoned) Item here: a poisoned dart.
The floor.
Unknown command.
Press: ? - help, v - describe, . - travel
Here: a gnoll, wielding a +1 halberd of venom The floor.
Okay, then.
You are seriously poisoned (34 -> 8).
You are about to teleport.
Your movement speed is average.
Your attack delay is about 0.8.
Your damage rating with unarmed combat is about 16 (Base [3 + 9 (UC)] x 122% (Str) x 111% (Fight)).
Your base attributes are Str 19, Int 11, Dex 10.
Okay, then.
Okay, then.
Unknown command.
You punch the gnoll sergeant!
The gnoll sergeant is severely wounded.
You feel very sick. The gnoll closely misses you.
The gnoll sergeant hits you with a +0 spear.
You closely miss the gnoll sergeant.
The gnoll sergeant is severely wounded.
* * * LOW HITPOINT WARNING * * *
You feel very sick.
The gnoll hits you from afar with a +1 halberd of venom!
* * * LOW HITPOINT WARNING * * *
You are more poisoned.
The gnoll sergeant hits you with a +0 spear!
* * * LOW HITPOINT WARNING * * *
Unknown command.
Really walk into that cloud of poison gas?
The gnoll sergeant attacks as you move away!
The gnoll sergeant hits you with a +0 spear!
You die...

### #§# #@#### .####
##g##.# #. #.#
#§g##.# .# ##.
##§###.## #.# ##.
#§g##...## ##.# #..
##§g......###..# ##..
#§§§....##.....# #...
#§§....####....###...
........##
###.###....


You could see a gnoll sergeant (poisoned) and 3 gnolls.

Vanquished Creatures
  An ice beast (D:5)
  An orc warrior (D:6)
  A black bear (D:4)
  2 phantoms (D:6)
  A kobold brigand (D:6)
  A scorpion (D:4)
  2 howler monkeys
  2 orc priests (D:5)
  A hound (D:5)
  2 gnoll boudas
  A jelly (D:6)
  An iguana (D:4)
  4 sleepcaps
  6 orc wizards
  14 gnolls
  10 adders
  3 ufetubi
  A worm (D:4)
  5 dart slugs
  18 orcs
  5 ball pythons
  4 endoplasms
  3 giant cockroaches
  8 goblins
  10 hobgoblins
  3 jackals (D:2)
  4 quokkas
  7 bats
  3 frilled lizards
  13 kobolds
  3 rats
140 creatures vanquished.

Vanquished Creatures (others)
  2 plants (D:5)
2 creatures vanquished.

Grand Total: 142 creatures vanquished

Notes
Turn   | Place    | Note
-------+----------+-------------------------------------------
     0 | D:5      | RepoMan the Ogre Delver began the quest for the Orb.
     0 | D:5      | Reached XP level 1. HP: 24/24 MP: 1/1
    26 | D:5      | Noticed a black bear
    29 | D:5      | Noticed a howler monkey
   127 | D:4      | Reached skill level 2 in Unarmed Combat
   301 | D:2      | Reached XP level 2. HP: 32/32 MP: 2/2
   872 | D:1      | Reached XP level 3. HP: 35/40 MP: 3/3
  1307 | D:1      | Reached skill level 3 in Unarmed Combat
  1597 | D:2      | Reached XP level 4. HP: 47/49 MP: 4/4
  1954 | D:3      | Reached skill level 4 in Unarmed Combat
  1965 | D:3      | Reached XP level 5. HP: 27/55 MP: 5/5
  2592 | D:3      | Reached skill level 5 in Unarmed Combat
  2704 | D:3      | Reached XP level 6. HP: 23/63 MP: 6/6
  2880 | D:3      | Found a blossoming altar of Fedhas.
  3429 | D:3      | Reached skill level 6 in Unarmed Combat
  3545 | D:4      | Noticed a black bear
  3741 | D:4      | Reached XP level 7. HP: 55/71 MP: 7/7
  3772 | D:4      | Reached skill level 7 in Unarmed Combat
  4532 | D:2      | Found a broken altar of Ashenzari.
  4907 | D:5      | Reached skill level 5 in Fighting
  5024 | D:5      | Reached XP level 8. HP: 72/80 MP: 8/8
  5058 | D:5      | Noticed Sigmund
  5330 | D:6      | Identified the +0 hand axe of the Devouring Badger {venom,
                  | +Blink rF+}
  5377 | D:5      | Reached skill level 8 in Unarmed Combat
  6277 | D:6      | Reached skill level 9 in Unarmed Combat
  6300 | D:6      | HP: 3/84 [gnoll sergeant/+0 spear (10)]
  6301 | D:6      | Mangled by a gnoll sergeant

Illustrated notes

Levels and vault maps discovered:
D:1:      kilobyte_arrival_exit_the_forest, layout_basic
D:2:      layout_rooms, basic_altar
D:3:      layout_loops_corners, fedhas_altar_1, hellmonk_no_cap
D:4:      layout_loops_cross, minmay_misc_feat_chi, kennysheep_generic_room_5
D:5:      layout_basic, serial_glass, glass_columns_a, glass_columns_a,
          glass_columns_c, glass_columns_a, glass_columns_a, glass_columns_b,
          glass_columns_b, glass_columns_c, chequers_big_river, uniq_sigmund
D:6:      layout_layer_cave, serial_shops, nicolae_shop_back_alley_shop,
          chequers_serial_rivers_micro_a, wad_floor_pattern_untrapped

Skill      XL: |  1  2  3  4  5  6  7  8 |
---------------+-------------------------+-----
Unarmed Combat | 2 3 4 5 6 7 9 |  9.0
Fighting       | 5 6 |  6.9
Throwing       | |  0.7
Dodging        | |  1.7
Stealth        | |  3.7

Action                     |  1- 3 |  4- 6 |  7- 9 || total
---------------------------+-------+-------+-------++-------
  Melee: Unarmed           |   116 |   191 |   202 ||   509
         Punch             |     2 |     4 |     9 ||    15
  Throw: Javelin           |     4 |    14 |    12 ||    30
         Stone             |     5 |       |    16 ||    21
         Dart              |       |    11 |    33 ||    44
         Boomerang         |       |       |     7 ||     7
    Use: Scroll            |     5 |     2 |     9 ||    16
         Potion            |     1 |     6 |     2 ||     9
   Stab: Sleeping          |     7 |     7 |     1 ||    15
         Distracted        |       |     1 |     1 ||     2
         Invisible         |       |     4 |       ||     4
 Armour: Robe              |    34 |    49 |    52 ||   135
  Dodge: Dodged            |    55 |    71 |    82 ||   208

Table legend: (Time is in decaauts)
 A = Elapsed time spent in this place.
 B = Non-inter-level travel time spent in this place.
 C = Inter-level travel time spent in this place.
 D = Time resting spent in this place.
 E = Time spent auto-exploring this place.
 F = Levels seen in this place.
 G = Mean time per level.
                   A        B        C        D        E       F      G
               +--------+--------+--------+--------+--------+-----+--------+
         Total |   6241 |   5931 |    310 |   1129 |   2181 |   6 | 1040.2 |
       Dungeon |   6241 |   5931 |    310 |   1129 |   2181 |   6 | 1040.2 |
               +--------+--------+--------+--------+--------+-----+--------+

Top non-repeatable levels by time:
     D:3: 1704 daAuts
     D:4: 1223 daAuts
     D:6: 1127 daAuts
     D:1: 1014 daAuts
     D:2: 840 daAuts
     D:5: 331 daAuts
